 Dungeon Crawl Stone Soup version 0.27-a0-1181-g5f64966fcc (webtiles) character file.

Game seed: 17502801453896893

1 Mesmaeker13 the Caller (level 1, 0/13 HPs)
             Began as a Mummy Summoner on May 17, 2021.
             Slain by a hobgoblin (1 damage)
             ... on level 1 of the Dungeon.
             The game lasted 00:00:10 (70 turns).

Mesmaeker13 the Caller (Mummy Summoner)               Turns: 70, Time: 00:00:11

Health: 0/13       AC:  2    Str: 11    XL:     1   Next: 16%
Magic:  2/4        EV: 12    Int: 14    God:
Gold:   40         SH:  0    Dex: 12    Spells: 4/5 levels left

rFire    x . .     SeeInvis .   (no weapon)
rCold    + . .     Faith    .   (no shield)
rNeg     + + +     Spirit   .   a - +0 robe
rPois    ∞         Reflect  .   (no helmet)
rElec    .         Harm     .   (no cloak)
rCorr    .         Rampage  .   (no gloves)
Will     .....                  (no boots)
Stlth    ++........             (no amulet)
HPRegen  0.04/turn              (no ring)
MPRegen  0.09/turn              (no ring)

@: no status effects
A: cold resistance 1, negative energy resistance 3, torment resistance 2, heat
vulnerability 1, no potions
a: no special abilities


You were on level 1 of the Dungeon.
You visited 1 branch of the dungeon, and saw 1 of its levels.

You collected 40 gold pieces.

Inventory:

Armour
 a - a +0 robe (worn)


   Skills:
 + Level 1.6 Dodging
 - Level 1.5 Stealth
 + Level 2.7 Spellcasting
 + Level 3.2 Summonings


You had 4 spell levels left.
You knew the following spells:

 Your Spells              Type           Power      Damage    Failure   Level
a - Summon Small Mammal   Summ           44%        N/A       6%          1

Your spell library contained the following spells:

 Spells                   Type           Power      Damage    Failure   Level
 Call Imp                 Summ           11%        N/A       9%          2
 Call Canine Familiar     Summ           11%        N/A       17%         3
 Summon Guardian Golem    Hex/Summ       6%         N/A       34%         3
 Summon Ice Beast         Ice/Summ       6%         N/A       75%         4
 Summon Lightning Spire   Summ/Air       6%         N/A       75%         4


Dungeon Overview and Level Annotations

Branches:
Dungeon (1/15)

Altars:


Innate Abilities, Weirdness & Mutations

You are immune to poison.
Your flesh is cold resistant. (rC+)
You are immune to negative energy. (rN+++)
You are immune to unholy pain and torment.
You are vulnerable to heat. (rF-)
You do not drink.


Message History

Your quokka bites the bat.
The bat dies!
The hobgoblin barely misses your quokka.
The hobgoblin closely misses your quokka.
The hobgoblin closely misses your quokka.
The hobgoblin closely misses your quokka.
The hobgoblin closely misses your quokka.
The hobgoblin barely misses your quokka.
The hobgoblin barely misses your quokka.
The hobgoblin hits your quokka.
Your quokka barely misses the hobgoblin.
The hobgoblin misses your quokka.
Your quokka completely misses the hobgoblin.
Your quokka barely misses the hobgoblin.
The hobgoblin hits your quokka.
Your quokka closely misses the hobgoblin.
Your rat disappears in a puff of smoke!
The hobgoblin barely misses your quokka.
Your quokka completely misses the hobgoblin.
The hobgoblin completely misses your quokka.
Your quokka closely misses the hobgoblin.
Your quokka disappears in a puff of smoke!
The hobgoblin barely misses you.
You closely miss the hobgoblin. The hobgoblin closely misses you.
You barely miss the hobgoblin. The hobgoblin hits you.
You barely miss the hobgoblin. The hobgoblin hits you.
Casting: Summon Small Mammal (safe; 6% risk of failure)
Confirm with . or Enter, or press ? or * to list all spells.
The hobgoblin barely misses you.
Your bat hits the hobgoblin but does no damage.
The hobgoblin hits you.
* * * LOW HITPOINT WARNING * * *
Your bat closely misses the hobgoblin.
The hobgoblin barely misses your bat.
Casting: Summon Small Mammal (safe; 6% risk of failure)
Confirm with . or Enter, or press ? or * to list all spells.
Your bat closely misses the hobgoblin.
The hobgoblin hits you but does no damage.
Your bat hits the hobgoblin but does no damage.
The hobgoblin hits you.
You die...

#####..#..######
......#.#....... ##
.....#...#........#
#####.....#####.#.#
.#...........#..#.##
..#....<....#...#..
..#.........#....#
.#...........#..r#
#####..(..#####b@#
.....#...#......g#
.###..#.#.[##.##.# .
#...#..###.##)#
.....#...## #.##.#
####.###.# #.##.# #.
#.# #.##.# #..
#.##.# .#.. #.##.#


You could see a hobgoblin (ally target), a friendly bat (summoned) and a
friendly rat (summoned).

Vanquished Creatures (collateral kills)
  A bat (D:1)
  A kobold (D:1)
2 creatures vanquished.

Notes
Turn   | Place    | Note
-------+----------+-------------------------------------------
     0 | D:1      | Mesmaeker13 the Mummy Summoner began the quest for the Orb.
     0 | D:1      | Reached XP level 1. HP: 13/13 MP: 4/4
    70 | D:1      | Slain by a hobgoblin

Illustrated notes

Levels and vault maps discovered:
D:1:      scummos_arrival_star, layout_rooms, basic_ecumenical_altar,
          hangedman_decor_lopped

Action                   || total
-------------------------++-------
Melee: Unarmed           ||    10
 Cast: Summon Small Mamm ||     4
Armor: Robe              ||     6
Dodge: Dodged            ||    16

Table legend: (Time is in decaauts)
 A = Elapsed time spent in this place.
 B = Non-inter-level travel time spent in this place.
 C = Inter-level travel time spent in this place.
 D = Time resting spent in this place.
 E = Time spent auto-exploring this place.
 F = Levels seen in this place.
 G = Mean time per level.
                   A        B        C        D        E       F      G
               +--------+--------+--------+--------+--------+-----+--------+
         Total |     70 |     70 |      0 |      0 |     26 |   1 |   70.0 |
       Dungeon |     70 |     70 |      0 |      0 |     26 |   1 |   70.0 |
               +--------+--------+--------+--------+--------+-----+--------+

Top non-repeatable levels by time:
     D:1: 70 daAuts
